[Event "Titled Tuesday Blitz January 10 Late 2023"]
[White "Musovic, Armin"]
[Black "Aung Thant Zin"]
[WhiteFideId "939935"]
[BlackFideId "13000063"]
[WhiteElo "2261"]
[BlackElo "2268"]
[Result "1-0"]
[Round "10"]
[TimeControl "180+2"]
[Date "2023.01.10"]
[WhiteClock "0:01:55"]
[BlackClock "0:00:47"]

1. a3 d5 2. Nc3 Nf6 3. d3 e5 4. Bg5 Be7 5. e4 d4 6. Nce2 h6 7. Bh4 Nc6 8. Bg3 Be6 9. Nf3 Nd7 10. h3 O-O 11. Bh2 f5 12. exf5 Bxf5 13. Ng3 Bg6 14. Be2 Qe8 15. O-O Qf7 16. Nd2 Nf6 17. Bf3 Bd6 18. Re1 Rae8 19. b4 a6 20. Rb1 Kh8 21. Nde4 Nxe4 22. Nxe4 Nd8 23. Bg3 Ne6 24. Qd2 Nf4 25. Bxf4 Qxf4 26. Qxf4 Rxf4 27. Nxd6 cxd6 28. Bxb7 Ref8 29. Bxa6 Rxf2 30. Rf1 Rxf1+ 31. Rxf1 Ra8 32. b5 Rb8 33. a4 d5 34. a5 e4 35. b6 e3 36. b7 Kg8 37. Rf4 Re8 38. Kf1 Bf7 39. Bb5 1-0


[Site "https://www.chess.com"]

[Event "Titled Tuesday Blitz January 10 Late 2023"]
[White "Tan, Zhongyi"]
[Black "Gerbelli Neto, Eduardo"]
[WhiteFideId "8603642"]
[BlackFideId "2103281"]
[WhiteElo "2517"]
[BlackElo "2114"]
[Result "1-0"]
[Round "10"]
[TimeControl "180+2"]
[Date "2023.01.10"]
[WhiteClock "0:00:31"]
[BlackClock "0:00:09"]

1. d4 d5 2. c4 c6 3. Nf3 Nf6 4. e3 e6 5. Nbd2 Nbd7 6. b3 Bd6 7. Bb2 Qe7 8. Bd3 e5 9. dxe5 Nxe5 10. Nxe5 Bxe5 11. Bxe5 Qxe5 12. O-O O-O 13. Nf3 Qh5 14. cxd5 Nxd5 15. Nd4 Qxd1 16. Rfxd1 g6 17. Bc4 Nc3 18. Rdc1 Ne4 19. f3 Nd6 20. Be2 Nf5 21. Nxf5 Bxf5 22. e4 Be6 23. Kf2 Rfd8 24. Rd1 Kf8 25. Ke3 Ke7 26. g4 f6 27. h4 h6 28. f4 a5 29. f5 Bf7 30. fxg6 Bxg6 31. Bf3 a4 32. Rxd8 Kxd8 33. Rd1+ Ke7 34. Kf4 axb3 35. axb3 Ra3 36. Rd3 Bf7 37. Bd1 c5 38. Re3 Ra1 39. Be2 Rb1 40. Bc4 Bxc4 41. bxc4 Rc1 42. Rb3 Rxc4 43. Rxb7+ Ke6 44. Rb6+ Ke7 45. Kf5 Rc1 46. Rb7+ Kd6 47. Rb6+ Ke7 48. Re6+ Kd7 49. Kxf6 c4 50. Re7+ Kd6 51. e5+ Kd5 52. Rd7+ Kc6 53. Ke7 c3 54. e6 c2 55. Rd8 Kc7 56. Rd3 Kb6 57. Rc3 Rg1 58. Rxc2 Rxg4 59. h5 Rg5 60. Kf6 1-0


[Site "https://www.chess.com"]

[Event "Titled Tuesday Blitz January 10 Late 2023"]
[White "Santos Flores, Alberto"]
[Black "Gatterer, Florian"]
[WhiteFideId "3601234"]
[BlackFideId "811688"]
[WhiteElo "2164"]
[BlackElo "2170"]
[Result "1-0"]
[Round "10"]
[TimeControl "180+2"]
[Date "2023.01.10"]
[WhiteClock "0:01:00"]
[BlackClock "0:00:15"]

1. d4 Nf6 2. c4 e6 3. Nf3 d5 4. Nc3 Bb4 5. cxd5 exd5 6. Bg5 h6 7. Bxf6 Qxf6 8. e3 O-O 9. Bd3 c5 10. O-O Bxc3 11. bxc3 Bg4 12. h3 Bxf3 13. Qxf3 Qxf3 14. gxf3 Nd7 15. a4 Rac8 16. a5 Rc7 17. Rfb1 g6 18. Rb5 b6 19. axb6 axb6 20. Bf1 Kg7 21. h4 f5 22. f4 h5 23. Bg2 cxd4 24. cxd4 Nf6 25. Rxb6 Rfc8 26. Bf3 Rc1+ 27. Rxc1 Rxc1+ 28. Kg2 Rc7 29. Rd6 Rc2 30. Ra6 Rb2 31. Ra1 Rc2 32. Re1 Rb2 33. Re2 Rb4 34. Rc2 Rb3 35. Kf1 Ra3 36. Ke2 Rb3 37. Ra2 Rc3 38. Kd2 Rb3 39. Kc2 Rb6 40. Ra5 Rc6+ 41. Rc5 Rxc5+ 42. dxc5 Kf7 43. Kc3 Ke6 44. Kd4 Kd7 45. Bxd5 Ng4 46. f3 Nf2 47. Bf7 Nh1 48. Bxg6 Ng3 49. Ke5 Ke7 50. Bxf5 Nf1 51. e4 Nd2 52. Bg6 Nc4+ 53. Kd4 Nd2 54. Bxh5 Nxf3+ 55. Bxf3 Kf6 56. e5+ Ke7 57. f5 Kf8 58. c6 Kg7 59. c7 Kh6 60. c8=Q Kh7 61. Qe6 Kg7 62. Qg6+ 1-0


[Site "https://www.chess.com"]

[Event "Titled Tuesday Blitz January 10 Late 2023"]
[White "Vasques, Antonio Pedro Freixial"]
[Black "Womacka, Mathias"]
[WhiteFideId "1908332"]
[BlackFideId "4611390"]
[WhiteElo "2214"]
[BlackElo "2396"]
[Result "1/2-1/2"]
[Round "10"]
[TimeControl "180+2"]
[Date "2023.01.10"]
[WhiteClock "0:00:11"]
[BlackClock "0:00:13"]

1. e4 c5 2. Nc3 Nc6 3. Bb5 Nd4 4. Nf3 Nxb5 5. Nxb5 d6 6. d4 Nf6 7. dxc5 Qa5+ 8. Nc3 Nxe4 9. cxd6 Nxc3 10. bxc3 exd6 11. O-O Be7 12. Re1 Be6 13. Nd4 Qxc3 14. Rb1 O-O 15. Nxe6 fxe6 16. Rxe6 Bf6 17. Rxd6 Rad8 18. Be3 Rxd6 19. Qxd6 Qxc2 20. Rxb7 Qxa2 21. g3 a5 22. Bc5 Re8 23. Rb8 Rxb8 24. Qxb8+ Kf7 25. Qf8+ Kg6 26. Qe8+ Kh6 27. g4 Qa1+ 28. Kg2 Qe5 29. Be3+ g5 30. Qf8+ Bg7 31. Qd8 Bf6 32. Qf8+ Kg6 33. h4 gxh4 34. Qh6+ Kf7 35. g5 Qe4+ 36. Kg1 Be5 37. Qh5+ Ke6 38. Qd1 a4 39. Qd8 Kf5 40. Qd7+ Kg6 41. Qe6+ Kh5 42. Qf7+ Kg4 43. Qd7+ Qf5 44. Qd1+ Qf3 45. Qxa4+ Kh3 46. Qd7+ Qg4+ 47. Qxg4+ Kxg4 48. Kg2 Bd6 49. f3+ Kf5 50. Kh3 Bf4 51. Bf2 Bxg5 52. Bxh4 Bxh4 53. Kxh4 Kf4 54. Kh5 Kxf3 55. Kh6 Kg4 56. Kxh7 1/2-1/2


[Site "https://www.chess.com"]

[Event "Titled Tuesday Blitz January 10 Late 2023"]
[White "Guimaraes, Wagner Peixoto"]
[Black "Andrews, Todd"]
[WhiteFideId "2100940"]
[BlackFideId "2012456"]
[WhiteElo "2194"]
[BlackElo "2220"]
[Result "1-0"]
[Round "10"]
[TimeControl "180+2"]
[Date "2023.01.10"]
[WhiteClock "0:00:40"]
[BlackClock "0:01:17"]

1. e4 e6 2. d4 d5 3. Nd2 Nc6 4. Ngf3 Nf6 5. Bd3 Nb4 6. e5 Nxd3+ 7. cxd3 Nd7 8. O-O Be7 9. Nb3 O-O 10. Bf4 b6 11. Qd2 Ba6 12. Rfc1 c5 13. dxc5 bxc5 14. h4 Rb8 15. h5 Qb6 16. h6 g6 17. Bg5 Bxg5 18. Qxg5 Bxd3 19. Nxc5 f6 20. Nxd7 fxg5 21. Nxb6 Rxb6 22. Rc7 Rf7 23. Rxf7 Kxf7 24. Nxg5+ Ke7 25. b3 Rb4 26. Nxh7 Rh4 27. Nf6 g5 28. Rc1 Kf7 29. Rc7+ Kg6 30. h7 Kf5 31. Rc8 Kxe5 32. Ng4+ Kf4 33. g3+ Kxg4 34. gxh4 1-0


[Site "https://www.chess.com"]

[Event "Titled Tuesday Blitz January 10 Late 2023"]
[White "Yashmetov, Mikhail"]
[Black "Jodorcovsky Werjivker, Paulo"]
[WhiteFideId "24198900"]
[BlackFideId "3700305"]
[WhiteElo "2323"]
[BlackElo "2182"]
[Result "1-0"]
[Round "10"]
[TimeControl "180+2"]
[Date "2023.01.10"]
[WhiteClock "0:00:18"]
[BlackClock "0:00:04"]

1. d4 f5 2. c4 Nf6 3. g3 e6 4. Bg2 Be7 5. Nf3 O-O 6. O-O d6 7. Nc3 Ne4 8. Qd3 Nxc3 9. Qxc3 Bf6 10. b4 Nc6 11. b5 Ne7 12. Bg5 Ng6 13. Bxf6 Qxf6 14. Nd2 e5 15. dxe5 dxe5 16. Bd5+ Be6 17. Bxb7 Rad8 18. Nb3 Qg5 19. Bg2 f4 20. Rad1 fxg3 21. hxg3 h5 22. Nc5 Bf5 23. Qc1 Qe7 24. Ne4 Bxe4 25. Bxe4 Qf6 26. Rxd8 Rxd8 27. Qc2 Nf8 28. Kg2 h4 29. Rh1 hxg3 30. fxg3 Rd4 31. Bd5+ Ne6 32. e3 Rxd5 33. cxd5 Ng5 34. Qf2 Qd6 35. e4 Nxe4 36. Qf3 Qxd5 37. Re1 1-0


[Site "https://www.chess.com"]

[Event "Titled Tuesday Blitz January 10 Late 2023"]
[White "Novikova, Galina"]
[Black "Curtis, John"]
[WhiteFideId "4157095"]
[BlackFideId "3200256"]
[WhiteElo "2073"]
[BlackElo "2292"]
[Result "1-0"]
[Round "10"]
[TimeControl "180+2"]
[Date "2023.01.10"]
[WhiteClock "0:00:17"]
[BlackClock "0:00:07"]

1. e4 c5 2. Nf3 d6 3. d4 cxd4 4. Nxd4 Nf6 5. Nc3 a6 6. h3 e5 7. Nde2 Be6 8. g4 h6 9. Bg2 Be7 10. Ng3 Nc6 11. O-O Rc8 12. Be3 Nb4 13. a3 d5 14. axb4 d4 15. Bd2 dxc3 16. Bxc3 Nd7 17. Nf5 O-O 18. Qf3 Rc4 19. Rad1 Bxb4 20. Bxe5 Nxe5 21. Qg3 Qc7 22. c3 Bxf5 23. gxf5 Be7 24. f4 Bf6 25. fxe5 Qxe5 26. Qxe5 Bxe5 27. Rd5 f6 28. Rfd1 b5 29. Rd7 b4 30. cxb4 Rxb4 31. Bf1 Rxb2 32. Bxa6 Bh2+ 33. Kh1 Be5 34. Bc4+ Kh7 35. Bf7 h5 36. Bg6+ Kh6 37. Bf7 Rh2+ 38. Kg1 Rxh3 39. Kg2 Rg3+ 40. Kf2 Rb8 41. R1d2 Rb4 42. Bd5 Rb1 43. Rd8 Rbg1 44. Rh8+ Kg5 45. Ke2 R1g2+ 46. Kd1 Rxd2+ 47. Kxd2 Rg4 48. Ke2 Kh4 49. Kf3 Rg3+ 50. Kf2 Rg5 51. Bc4 Kg4 52. Be2+ Kf4 53. Bf3 Bd4+ 54. Ke2 Rg3 55. Bxh5 Kxe4 56. Bg6 Rg2+ 57. Kf1 Rg4 58. Rg8 Kf3 59. Ke1 Rg1+ 60. Kd2 1-0


[Site "https://www.chess.com"]

[Event "Titled Tuesday Blitz January 10 Late 2023"]
[White "Souza, Gustavo Horokoski De"]
[Black "Tokhirjonova, Gulrukhbegim"]
[WhiteFideId "2146584"]
[BlackFideId "14203626"]
[WhiteElo "1943"]
[BlackElo "2340"]
[Result "0-1"]
[Round "10"]
[TimeControl "180+2"]
[Date "2023.01.10"]
[WhiteClock "0:00:09"]
[BlackClock "0:01:47"]

1. d4 Nf6 2. c4 g6 3. Nc3 d5 4. Nf3 c6 5. cxd5 cxd5 6. g3 Bg7 7. Bg2 Nc6 8. O-O O-O 9. Bg5 Ne4 10. Be3 Nxc3 11. bxc3 Na5 12. Nd2 Be6 13. Qc1 b6 14. Nb3 Nc4 15. Bh6 Rc8 16. Bxg7 Kxg7 17. Nd2 Qd7 18. Nf3 h6 19. Re1 Rc7 20. e4 dxe4 21. Rxe4 Bd5 22. Ne5 Nxe5 23. Rxe5 Bxg2 24. Kxg2 Rfc8 25. Qe1 e6 26. Rc1 Rc4 27. h4 Qc6+ 28. Kh2 Rxc3 29. Rxc3 Qxc3 30. Qd1 Qc2 31. Qf3 Rc3 32. Re3 Rc7 33. Qf4 Rd7 34. h5 Qf5 35. Qxf5 gxf5 36. Rd3 Rd5 37. Kh3 e5 38. f3 Rxd4 39. Re3 f6 40. Rc3 Rd7 41. a3 Kf7 42. g4 fxg4+ 43. fxg4 e4 44. Kh4 Ke6 45. Rc6+ Ke5 46. Kg3 Rd3+ 47. Kf2 Rxa3 48. Rc7 Kf4 49. Rh7 Ra2+ 50. Ke1 Kxg4 51. Rxh6 f5 52. Rg6+ Kf3 53. h6 e3 54. Kd1 Ra1+ 55. Kc2 e2 56. h7 Rh1 57. Re6 Rxh7 0-1


[Site "https://www.chess.com"]

[Event "Titled Tuesday Blitz January 10 Late 2023"]
[White "Stanisz, Patryk"]
[Black "Melikhov, Evgeny V."]
[WhiteFideId "1123106"]
[BlackFideId "4122046"]
[WhiteElo "2161"]
[BlackElo "2269"]
[Result "0-1"]
[Round "10"]
[TimeControl "180+2"]
[Date "2023.01.10"]
[WhiteClock "0:00:07"]
[BlackClock "0:01:07"]

1. d4 Nf6 2. c4 e6 3. Nc3 Bb4 4. e3 b6 5. Ne2 Ba6 6. a3 Bxc3+ 7. Nxc3 d5 8. b3 O-O 9. Bd3 c5 10. cxd5 Bxd3 11. Qxd3 Nxd5 12. dxc5 Nxc3 13. Qxc3 bxc5 14. Qxc5 Nd7 15. Qd6 Qf6 16. Rb1 Qg6 17. Rb2 Qxg2 18. Rf1 Nf6 19. Qg3 Qc6 20. Bd2 Rfd8 21. Rg1 g6 22. Qe5 Ne4 23. Qa5 Nxd2 24. Rxd2 Qc1+ 25. Ke2 Rxd2+ 26. Qxd2 Qxg1 0-1


[Site "https://www.chess.com"]

[Event "Titled Tuesday Blitz January 10 Late 2023"]
[White "Weisz, Bryan"]
[Black "Floresvillar Gonzalez, Luis Migu"]
[WhiteFideId "30934133"]
[BlackFideId "5100542"]
[WhiteElo "1973"]
[BlackElo "2043"]
[Result "0-1"]
[Round "10"]
[TimeControl "180+2"]
[Date "2023.01.10"]
[WhiteClock "0:00:08"]
[BlackClock "0:00:15"]

1. c4 e6 2. Nc3 c5 3. e4 Nc6 4. Nf3 d6 5. d4 cxd4 6. Nxd4 Nf6 7. Be3 Be7 8. Be2 O-O 9. O-O Bd7 10. Qd2 Nxd4 11. Bxd4 a6 12. a4 Qc7 13. a5 Bc6 14. Bb6 Qb8 15. Bf3 Bd8 16. Qe3 Bxb6 17. Qxb6 Qd8 18. Rfd1 Qxb6 19. axb6 Rad8 20. Rd2 Nd7 21. Nd5 exd5 22. exd5 Nxb6 23. dxc6 bxc6 24. Bxc6 Nxc4 25. Rc2 Ne5 26. Rxa6 Nxc6 27. Raxc6 d5 28. Rd2 Rd7 29. Kf1 g6 30. b4 Rb8 31. Rd4 Rb5 32. Rc5 Rxc5 33. bxc5 Kg7 34. f4 f5 35. Ke2 Kf6 36. Kd3 Ke6 37. Ra4 Rc7 38. Kd4 Rc6 39. Ra8 h5 40. Re8+ Kd7 41. Re5 Ra6 42. Rxd5+ Ke7 43. Re5+ Kd7 44. Kd5 Ra2 45. c6+ Kd8 46. Ke6 Rxg2 47. Kf7 Kc7 48. Re6 Rg4 49. Rxg6 Rxf4 50. Kg7 Rg4 51. Kh6 Rxg6+ 52. Kxg6 f4 53. Kxh5 f3 54. Kg6 f2 55. h4 f1=Q 56. h5 Qg2+ 57. Kh7 Qg5 58. h6 Kxc6 59. Kh8 Qxh6+ 60. Kg8 Qe6+ 61. Kf8 Kd5 62. Kg7 Ke5 63. Kf8 Kf5 64. Kg7 Qb6 65. Kf7 Qc7+ 66. Ke8 Ke6 67. Kf8 Qf7# 0-1


[Site "https://www.chess.com"]

[Event "Titled Tuesday Blitz January 10 Late 2023"]
[White "Rose, Felix"]
[Black "Papp, Petra"]
[WhiteFideId "5105722"]
[BlackFideId "739049"]
[WhiteElo "2091"]
[BlackElo "2343"]
[Result "0-1"]
[Round "10"]
[TimeControl "180+2"]
[Date "2023.01.10"]
[WhiteClock "0:00:04"]
[BlackClock "0:00:04"]

1. e4 c5 2. Nf3 d6 3. d4 cxd4 4. Nxd4 Nf6 5. Nc3 a6 6. f3 e5 7. Nb3 Be7 8. Be3 Be6 9. Qd2 Nbd7 10. O-O-O O-O 11. g4 b5 12. g5 Nh5 13. Kb1 b4 14. Nd5 Bxd5 15. exd5 a5 16. Bh3 f5 17. gxf6 Nhxf6 18. Rhg1 Kh8 19. Be6 a4 20. Nc1 b3 21. cxb3 axb3 22. Nxb3 Qb8 23. Rg3 Qb5 24. Rdg1 g6 25. Bh6 Rfb8 26. Bg5 Qa4 27. Nc1 Nc5 28. Bxf6+ Bxf6 29. Rxg6 Nd7 30. Qh6 Qd4 31. b3 Nc5 32. Rxf6 Qxg1 0-1


[Site "https://www.chess.com"]

[Event "Titled Tuesday Blitz January 10 Late 2023"]
[White "Liu, Kelsey"]
[Black "Simonovic, Miroslav"]
[WhiteFideId "30944481"]
[BlackFideId "919152"]
[WhiteElo "2065"]
[BlackElo "2082"]
[Result "1-0"]
[Round "10"]
[TimeControl "180+2"]
[Date "2023.01.10"]
[WhiteClock "0:00:25"]
[BlackClock "0:00:12"]

1. e4 c5 2. Nf3 Nc6 3. Bb5 g6 4. O-O Bg7 5. c3 e5 6. d4 exd4 7. cxd4 Nxd4 8. Nxd4 Bxd4 9. Nd2 Ne7 10. Nf3 Bg7 11. Bf4 a6 12. Bc4 b5 13. Bd5 Ra7 14. Bd6 O-O 15. Bxc5 Nxd5 16. Bxa7 Nb6 17. Rc1 Bxb2 18. Rc2 Nc4 19. Nd2 Nxd2 20. Qxd2 Bg7 21. Qd5 d6 22. Rd1 Be6 23. Qxd6 Qa5 24. Bb6 Qa4 25. Rcd2 Bxa2 26. e5 Bc4 27. Qe7 Qb3 28. Bc5 Be6 29. Rd8 1-0


[Site "https://www.chess.com"]

[Event "Titled Tuesday Blitz January 10 Late 2023"]
[White "Vaglio Munoz, Jaime"]
[Black "Soyunlu, Narmin"]
[WhiteFideId "6500145"]
[BlackFideId "13400843"]
[WhiteElo "2174"]
[BlackElo "2013"]
[Result "1-0"]
[Round "10"]
[TimeControl "180+2"]
[Date "2023.01.10"]
[WhiteClock "0:01:42"]
[BlackClock "0:00:13"]

1. d4 Nf6 2. c4 e6 3. a3 d5 4. Nf3 dxc4 5. e3 c5 6. Bxc4 cxd4 7. exd4 Nc6 8. O-O Be7 9. b4 O-O 10. Qe2 a6 11. Rd1 b5 12. Bb3 Bb7 13. Nc3 Rc8 14. d5 exd5 15. Nxd5 Nxd5 16. Bxd5 Qc7 17. Bb2 Rfe8 18. Qd3 Rcd8 19. Qb3 Bd6 20. Rac1 Qd7 21. Ng5 Re7 22. Qd3 g6 23. Qf3 Ne5 24. Qf6 Bxd5 25. Rxd5 Qf5 26. Bxe5 Qxf6 27. Bxf6 Re6 28. Bxd8 1-0


[Site "https://www.chess.com"]

[Event "Titled Tuesday Blitz January 10 Late 2023"]
[White "Almedina Ortiz, Edgardo J."]
[Black "Muhammad, Shahzeb"]
[WhiteFideId "3100197"]
[BlackFideId "7804806"]
[WhiteElo "2156"]
[BlackElo "1853"]
[Result "0-1"]
[Round "10"]
[TimeControl "180+2"]
[Date "2023.01.10"]
[WhiteClock "0:00:04"]
[BlackClock "0:01:03"]

1. d4 c5 2. d5 e5 3. c4 d6 4. Nc3 f5 5. e3 Nf6 6. Bd3 Be7 7. Nge2 O-O 8. O-O Na6 9. f4 e4 10. Bc2 Nc7 11. a4 Bd7 12. b3 a6 13. a5 Qe8 14. Na4 Rd8 15. Nb6 Qh5 16. Nxd7 Rxd7 17. Nc3 Qh6 18. Qe1 g5 19. fxg5 Qxg5 20. Qg3 Qxg3 21. hxg3 Ng4 22. Ne2 Bf6 23. Rb1 Be5 24. b4 cxb4 25. Rxb4 Ne8 26. Nf4 Ng7 27. Bd1 Nf6 28. Bd2 Rc8 29. Be2 Rc5 30. Rb3 Kf7 31. Rfb1 Rcc7 32. Kf2 Ng4+ 33. Bxg4 fxg4 34. Rb4 Bxf4 35. gxf4 Nf5 36. g3 Kg6 37. Bc3 h5 38. Bd4 Rh7 39. Bb6 Rcf7 40. Rh1 h4 41. gxh4 g3+ 42. Ke2 g2 43. Rg1 Nxh4 44. c5 Kf5 45. c6 bxc6 46. dxc6 d5 0-1


[Site "https://www.chess.com"]

[Event "Titled Tuesday Blitz January 10 Late 2023"]
[White "Rodrigues, Leonardo De Miranda"]
[Black "Cueto, Jonny"]
[WhiteFideId "2108658"]
[BlackFideId "3300145"]
[WhiteElo "2112"]
[BlackElo "2122"]
[Result "1-0"]
[Round "10"]
[TimeControl "180+2"]
[Date "2023.01.10"]
[WhiteClock "0:00:25"]
[BlackClock "0:00:01"]

1. d4 e6 2. e4 d5 3. Nd2 Nc6 4. Ngf3 Nf6 5. e5 Nd7 6. Bd3 Nb4 7. Be2 c5 8. c3 Nc6 9. Bd3 Rb8 10. O-O b5 11. a3 Qb6 12. dxc5 Bxc5 13. Qe2 a5 14. Nb3 Be7 15. Re1 b4 16. axb4 axb4 17. Nbd4 bxc3 18. bxc3 O-O 19. Ba3 Bxa3 20. Rxa3 h6 21. Bc2 Nxd4 22. Nxd4 Qb2 23. Qd3 g6 24. Ra7 Nc5 25. Qg3 Ne4 26. Bxe4 dxe4 27. Qe3 Kg7 28. Qf4 Rb7 29. Qf6+ Kg8 30. Rxb7 Bxb7 31. Nxe6 fxe6 32. Qxg6+ Kh8 33. Qxh6+ Kg8 34. Qxe6+ Rf7 35. Qg4+ Rg7 36. Qe6+ Kh8 37. g3 e3 38. Qh3+ Kg8 39. Rxe3 Qb1+ 40. Qf1 Qxf1+ 41. Kxf1 1-0


[Site "https://www.chess.com"]

[Event "Titled Tuesday Blitz January 10 Late 2023"]
[White "Dias, Joao Batista"]
[Black "Abdyzhaparov, Aidar"]
[WhiteFideId "2108240"]
[BlackFideId "13800361"]
[WhiteElo "1796"]
[BlackElo "1978"]
[Result "1-0"]
[Round "10"]
[TimeControl "180+2"]
[Date "2023.01.10"]
[WhiteClock "0:00:47"]
[BlackClock "0:00:01"]

1. e4 d6 2. d4 Nf6 3. Bd3 e5 4. c3 d5 5. dxe5 Nxe4 6. Bxe4 dxe4 7. Qxd8+ Kxd8 8. Ne2 Bf5 9. Ng3 Bg6 10. Nd2 Nd7 11. Ndxe4 Nxe5 12. O-O Be7 13. Rd1+ Kc8 14. Bf4 f6 15. Bxe5 fxe5 16. Rd5 Bf6 17. Rad1 h5 18. h4 b6 19. Ng5 Rd8 20. Rxd8+ Bxd8 21. Rd5 Bf6 22. Kh2 c6 23. Rd1 Kc7 24. Kh3 Bxg5 25. hxg5 Rf8 26. f3 Rf4 27. Rd2 h4 28. Ne2 Bf5+ 29. g4 hxg3+ 30. Kxg3 Ra4 31. b3 Ra5 32. f4 exf4+ 33. Kxf4 Bb1 34. a4 Rf5+ 35. Kg4 Rf2 36. Kg3 Rf7 37. Nf4 Bf5 38. Rd4 g6 39. Rd2 Re7 40. Re2 Rd7 41. Ne6+ Kb7 42. Nd4 Bd3 43. Re3 Bb1 44. Kf4 c5 45. Ne6 Bf5 46. Ke5 Re7 47. Kf6 1-0


[Site "https://www.chess.com"]

[Event "Titled Tuesday Blitz January 10 Late 2023"]
[White "De Souza, Cristiano Gomes"]
[Black "Kovacevic, Radmila"]
[WhiteFideId "2151758"]
[BlackFideId "933171"]
[WhiteElo "2018"]
[BlackElo "2106"]
[Result "1-0"]
[Round "10"]
[TimeControl "180+2"]
[Date "2023.01.10"]
[WhiteClock "0:01:07"]
[BlackClock "0:00:06"]

1. d4 e5 2. dxe5 Nc6 3. Nf3 Qe7 4. Bf4 Qb4+ 5. Bd2 Qxb2 6. Nc3 Bb4 7. Rb1 Qxc3 8. Bxc3 Bxc3+ 9. Nd2 Bxe5 10. e3 Nf6 11. Bd3 O-O 12. O-O d5 13. Nf3 Bc3 14. h3 h6 15. Nd4 Ne5 16. Nb5 Ba5 17. f4 Nc4 18. Bxc4 dxc4 19. Qf3 Bb6 20. Nd4 Rd8 21. Rbd1 c6 22. g4 Nd5 23. g5 h5 24. Rfe1 g6 25. Rd2 Bd7 26. e4 Ne7 27. Kg2 Bxd4 28. Rxd4 Bxh3+ 29. Kxh3 Rxd4 30. Qc3 Rad8 31. a4 b6 32. Re3 c5 33. Kg3 Nc6 34. Qe1 Rd2 35. f5 Rxc2 36. fxg6 fxg6 37. e5 Nd4 38. Kh3 Nf5 39. Rf3 Rd3 40. Rxd3 cxd3 41. e6 Kf8 42. Qe5 Ne7 43. Qf6+ Ke8 44. Qf7+ Kd8 45. Qf8+ Kc7 46. Qxe7+ Kb8 47. Qd8+ Kb7 48. Qxd3 Rb2 49. Qxg6 Re2 50. Qf7+ Ka6 51. e7 Re3+ 52. Kh4 Re4+ 53. Kxh5 c4 54. e8=Q Rxe8 55. Qxe8 1-0


[Site "https://www.chess.com"]

[Event "Titled Tuesday Blitz January 10 Late 2023"]
[White "Ali, Kairi G."]
[Black "Thiel, Thomas"]
[WhiteFideId "9206655"]
[BlackFideId "4615964"]
[WhiteElo "1802"]
[BlackElo "2234"]
[Result "1-0"]
[Round "10"]
[TimeControl "180+2"]
[Date "2023.01.10"]
[WhiteClock "0:00:09"]
[BlackClock "0:00:02"]

1. e4 d5 2. exd5 Nf6 3. d4 Nxd5 4. Nf3 g6 5. Ke2 Bg7 6. c3 O-O 7. g3 Nc6 8. Bg2 b6 9. Na3 Ba6+ 10. Ke1 Re8 11. Qa4 Bb7 12. Bg5 a6 13. h4 h6 14. Bd2 b5 15. Qb3 Nb6 16. Kf1 Na5 17. Qc2 Nac4 18. Nxc4 Nxc4 19. Bf4 Rc8 20. b3 Nd6 21. Ne5 Bxg2+ 22. Kxg2 c5 23. d5 c4 24. b4 Qb6 25. Rhd1 Bxe5 26. Bxe5 h5 27. Qd2 Nf5 28. Qf4 Red8 29. a4 f6 30. Bd4 Qb7 31. axb5 axb5 32. Qf3 Qxd5 33. Qxd5+ Rxd5 34. Bc5 Rcd8 35. Rxd5 Rxd5 36. Ra8+ Kf7 37. Rb8 Rd3 38. Rxb5 Rxc3 39. Rb7 Rb3 40. Ra7 c3 41. Ra1 1-0


[Site "https://www.chess.com"]

[Event "Titled Tuesday Blitz January 10 Late 2023"]
[White "Jenkins, Drake"]
[Black "Delaere, Jeroen"]
[WhiteFideId "2022397"]
[BlackFideId "204129"]
[WhiteElo "2130"]
[BlackElo "2104"]
[Result "0-1"]
[Round "10"]
[TimeControl "180+2"]
[Date "2023.01.10"]
[WhiteClock "0:00:05"]
[BlackClock "0:00:07"]

1. Nf3 Nf6 2. c4 g6 3. Nc3 Bg7 4. g3 O-O 5. Bg2 d6 6. O-O Nc6 7. Rb1 e5 8. b4 Nd4 9. e3 Nf5 10. Bb2 h5 11. d4 exd4 12. exd4 h4 13. Re1 hxg3 14. hxg3 Ng4 15. d5 a5 16. a3 axb4 17. axb4 Bd7 18. Ne4 Ra2 19. Qb3 Qa8 20. Nc3 Rxb2 21. Rxb2 Nd4 22. Nxd4 Bxd4 23. Ra2 Qd8 24. Nb5 Bxb5 25. cxb5 Qf6 26. Qf3 Qg5 27. Rae2 Qh5 28. Qf4 Bb6 29. Bf3 Qh2+ 30. Kf1 Bxf2 31. Bxg4 Qg1# 0-1


[Site "https://www.chess.com"]

[Event "Titled Tuesday Blitz January 10 Late 2023"]
[White "Smith, Garrett L"]
[Black "Thomas, Anysia"]
[WhiteFideId "2024829"]
[BlackFideId "670472"]
[WhiteElo "2047"]
[BlackElo "2147"]
[Result "1-0"]
[Round "10"]
[TimeControl "180+2"]
[Date "2023.01.10"]
[WhiteClock "0:00:18"]
[BlackClock "0:00:02"]

1. e4 c5 2. a3 Nc6 3. b4 cxb4 4. axb4 Nxb4 5. d4 d5 6. c3 Nc6 7. exd5 Qxd5 8. Na3 Nf6 9. Nb5 Qd8 10. d5 Ne5 11. Bf4 Nfd7 12. Nf3 f6 13. Bd3 g6 14. Bxe5 Nxe5 15. Nxe5 fxe5 16. Qc2 Qb6 17. c4 Kf7 18. c5 Qf6 19. Nc7 Rb8 20. Rxa7 Bh6 21. d6 exd6 22. Qb3+ Kg7 23. cxd6 Qxd6 24. Nb5 Qf6 25. O-O Rf8 26. Bc4 Bd7 27. Ra2 Bc6 28. Re2 Qg5 29. f3 Rbe8 30. Nc7 Re7 31. Ne6+ Rxe6 32. Bxe6 Kh8 33. Bd5 Bxd5 34. Qxd5 Bg7 35. Rfe1 h5 36. h3 h4 37. Qxb7 Qg3 38. Qe4 Rf4 39. Qa8+ Kh7 40. Qb7 Kh6 41. Qc6 Rf6 42. Qc1+ Rf4 43. Qe3 Kh7 44. Qf2 Qg5 45. Re4 Bf6 46. Rxf4 exf4 47. Rd1 Qf5 48. Qb6 Qc2 49. Rd7+ 1-0


[Site "https://www.chess.com"]

[Event "Titled Tuesday Blitz January 10 Late 2023"]
[White "Antonio, Jorge Carlos"]
[Black "Harish, Neeraj"]
[WhiteFideId "113190"]
[BlackFideId "30958130"]
[WhiteElo "2277"]
[BlackElo "2232"]
[Result "0-1"]
[Round "10"]
[TimeControl "180+2"]
[Date "2023.01.10"]
[WhiteClock "0:01:04"]
[BlackClock "0:00:18"]

1. d4 Nf6 2. Nf3 g6 3. c4 Bg7 4. Nc3 d5 5. Bg5 Ne4 6. Bf4 Nxc3 7. bxc3 c5 8. e3 Nc6 9. cxd5 Qxd5 10. Be2 cxd4 11. cxd4 O-O 12. O-O Bf5 13. Qa4 Rac8 14. Bb5 a6 15. Be2 Qd7 16. Qa3 Rfd8 17. Rac1 Be4 18. Ng5 Bd5 19. Bf3 Bxf3 20. Nxf3 Re8 21. Rfd1 Qd5 22. Qb2 b5 23. Rc5 Qd7 24. Rdc1 Na5 25. Rxc8 Rxc8 26. Rxc8+ Qxc8 27. Qb3 Nxb3 0-1


[Site "https://www.chess.com"]

[Event "Titled Tuesday Blitz January 10 Late 2023"]
[White "Wang, Alexander J"]
[Black "Lutz, Igor Oscar"]
[WhiteFideId "30955270"]
[BlackFideId "2110806"]
[WhiteElo "1815"]
[BlackElo "1969"]
[Result "0-1"]
[Round "10"]
[TimeControl "180+2"]
[Date "2023.01.10"]
[WhiteClock "0:00:27"]
[BlackClock "0:01:22"]

1. e4 c5 2. Nf3 Nc6 3. d4 cxd4 4. Nxd4 Nf6 5. Nc3 d6 6. g3 e6 7. Bg2 Be7 8. O-O O-O 9. Be3 a6 10. h3 Qc7 11. f4 e5 12. Nde2 exf4 13. gxf4 b5 14. a3 Bb7 15. Ng3 Rfe8 16. Nf5 Bf8 17. Qe1 Ne7 18. Nxe7+ Qxe7 19. Bd4 Nxe4 20. Nxe4 Bxe4 21. Bxe4 Qxe4 22. Qxe4 Rxe4 23. Bc3 Rae8 24. Kf2 Re2+ 0-1


[Site "https://www.chess.com"]

[Event "Titled Tuesday Blitz January 10 Late 2023"]
[White "Garcia, Gabriel Gonzaga"]
[Black "Kho, Darrell"]
[WhiteFideId "2138956"]
[BlackFideId "1019317"]
[WhiteElo "2091"]
[BlackElo "2075"]
[Result "1-0"]
[Round "10"]
[TimeControl "180+2"]
[Date "2023.01.10"]
[WhiteClock "0:01:25"]
[BlackClock "0:00:05"]

1. e4 e6 2. Nf3 d5 3. Nc3 Nf6 4. e5 Nfd7 5. d4 c5 6. dxc5 Bxc5 7. Bd3 Nc6 8. Bf4 f6 9. exf6 Nxf6 10. O-O O-O 11. Ne5 Bd7 12. a3 Be8 13. h3 Bh5 14. Be2 Nd4 15. Bxh5 Nxh5 16. Be3 Nf4 17. Bxd4 Qg5 18. g3 Nxh3+ 19. Kg2 Nf4+ 20. Kh1 Bxd4 21. Qxd4 Qh5+ 22. Kg1 Qh3 23. gxf4 1-0


[Site "https://www.chess.com"]